 Dungeon Crawl Stone Soup version 0.31-a0-1626-g5cb510d322 (webtiles) character file.

Game seed: 1700936631362669640

151 jotwebe the Cudgeller (level 5, -2/50 HPs)
             Began as an Oni Gladiator on Jan 12, 2024.
             Slain by Grinder (5 damage)
             ... on level 3 of the Dungeon.
             The game lasted 00:10:30 (1937 turns).

jotwebe the Cudgeller (Oni Gladiator)               Turns: 1937, Time: 00:10:30

Health: -2/50      AC:  4    Str: 20    XL:     5   Next: 33%
Magic:  5/5        EV: 10    Int:  9    God:
Gold:   94         SH:  0    Dex: 10    Spells: 4/4 levels left

rFire   . . .        a - +0 flail
rCold   . . .        (no shield)
rNeg    . . .        t - +0 robe
rPois   .            c - +0 hat
rElec   .            l - +0 cloak
rCorr   .            (gloves unavailable)
SInv    .            (boots unavailable)
Will    +....        (no amulet)
Stlth   +            W - ring of willpower
HPRegen 0.28/turn    (no ring)
MPRegen 0.09/turn

%: no passive effects
@: no status effects
A: large, unfitting armour, horns 1, tough skin 1, double potion healing,
drunken brawling
a: no special abilities


You were on level 3 of the Dungeon.
You visited 1 branch of the dungeon, and saw 3 of its levels.

You collected 94 gold pieces.

Inventory:

Hand Weapons
 a - a +0 flail (weapon)
 b - a +0 sling of freezing
Missiles
 d - 3 throwing nets
 e - a large rock
 f - 30 stones (quivered)
 u - 6 curare-tipped darts
Armour
 c - a +0 hat (worn)
 l - a +0 cloak (worn)
 t - a +0 robe (worn)
Jewellery
 W - a ring of willpower (left hand)
Wands
 s - a wand of charming (6)
 v - a wand of flame (7)
Scrolls
 g - 2 scrolls of brand weapon {unknown}
 h - 2 scrolls of amnesia {unknown}
 i - a scroll of silence {unknown}
 m - a scroll of fog {unknown}
 n - a scroll of fear {unknown}
 o - 2 scrolls of identify {unknown}
 p - a scroll of noise {unknown}
Potions
 j - a potion of attraction {unknown}
 k - a potion of haste {unknown}
 q - a potion of mutation {unknown}
 r - a potion of lignification {unknown}


   Skills:
 - Level 2.6 Fighting
 + Level 5.9 Maces & Flails
 - Level 2.0 Throwing
 - Level 2.6 Dodging


You had 4 spell levels left.
You didn't know any spells.
Your spell library was empty.

Dungeon Overview and Level Annotations

Branches:
Dungeon (3/15)

Altars:

Annotations:
D:3 Grinder


Innate Abilities, Weirdness & Mutations

You are too large for most types of armour.
You have a pair of small horns on your head.
You have tough skin. (AC +1)
You gain doubled healing and magic from potions.
Whenever you drink a healing potion, you attack all around you.


Message History

Grinder hits you.
You writhe in agony.
You sock Grinder!
Grinder is moderately wounded.
Grinder blinks!
You hit Grinder. Your headbutt misses Grinder.
Grinder is moderately wounded.
Grinder hits you.
You closely miss Grinder.
Grinder is moderately wounded.
Grinder barely misses you.
You barely miss Grinder. You headbutt Grinder.
Grinder is moderately wounded.
Grinder gestures at you. Pain shoots through your body!
You barely miss Grinder.
Grinder is moderately wounded.
Grinder hits you.
You hit Grinder. You headbutt Grinder.
Grinder is heavily wounded.
Grinder hits you but does no damage.
You hit Grinder.
Grinder is heavily wounded.
Grinder gestures at you. Pain shoots through your body!
Grinder barely misses you.
You are too injured to fight recklessly!
You are too injured to fight recklessly!
You are too injured to fight recklessly!
You sock Grinder! Your headbutt misses Grinder.
Grinder is severely wounded.
Grinder hits you!
* * * LOW HITPOINT WARNING * * *
You writhe in agony.
* * * LOW HITPOINT WARNING * * *
You closely miss Grinder.
Grinder is severely wounded.
Grinder hits you.
* * * LOW HITPOINT WARNING * * *
You writhe in agony.
You die...
Grinder says, "Now the real fun starts!"

##..#.###
.!..### ###..#.#
....... #......#
.......
###....###
....... #.###.##
#...... ###.#
#.# ♣....
##.#<###.#
#''5###........#
#...@...########
#########


You could see Grinder.

Vanquished Creatures
  An orc priest (D:3)
  Terence (D:3)
  3 adders
  2 ribbon worms
  4 orcs
  3 ball pythons (D:2)
  4 bats
  5 endoplasms
  4 giant cockroaches
  5 goblins
  4 hobgoblins
  5 jackals (D:1)
  6 kobolds
  A quokka (D:2)
  4 frilled lizards
  6 rats
58 creatures vanquished.

Notes
Turn   | Place    | Note
-------+----------+-------------------------------------------
     0 | D:1      | jotwebe the Oni Gladiator began the quest for the Orb.
     0 | D:1      | Reached XP level 1. HP: 22/22 MP: 1/1
    51 | D:1      | Reached XP level 2. HP: 28/29 MP: 2/2
   336 | D:1      | Reached skill level 4 in Maces & Flails
   532 | D:1      | Reached XP level 3. HP: 35/36 MP: 3/3
  1210 | D:2      | Reached XP level 4. HP: 40/44 MP: 4/4
  1530 | D:2      | Reached skill level 5 in Maces & Flails
  1615 | D:3      | Noticed Terence
  1636 | D:3      | Killed Terence
  1765 | D:3      | Reached XP level 5. HP: 45/50 MP: 5/5
  1915 | D:3      | Noticed Grinder
  1937 | D:3      | Slain by Grinder

Illustrated notes

Levels and vault maps discovered:
D:1:      doesnt_arrival_eight_statues, layout_basic, minmay_misc_feat_encased,
          grunt_decor_arrowhead, minmay_hexomino_u4
D:2:      layout_loops_cross, dk_noncrumbling_3
D:3:      layout_loops_ring, kennysheep_donut, uniq_grinder, uniq_terence,
          uniq_sigmund

Skill      XL: |  1  2  3  4 |
---------------+-------------+-----
Maces & Flails | 4 5 |  5.9
Fighting       | |  2.6
Throwing       | |  2.0
Dodging        | |  2.6

Action                     |  1- 3 |  4- 6 || total
---------------------------+-------+-------++-------
  Melee: Flail             |   103 |    75 ||   178
         Punch             |     1 |       ||     1
         Headbutt          |     8 |    15 ||    23
   Fire: Sling             |       |    27 ||    27
  Throw: Stone             |     4 |       ||     4
         Throwing net      |     1 |       ||     1
         Dart              |       |     1 ||     1
  Evoke: Wand              |       |     1 ||     1
 Armour: Robe              |    52 |    53 ||   105
  Dodge: Dodged            |    54 |    36 ||    90

Table legend: (Time is in decaauts)
 A = Elapsed time spent in this place.
 B = Non-inter-level travel time spent in this place.
 C = Inter-level travel time spent in this place.
 D = Time resting spent in this place.
 E = Time spent auto-exploring this place.
 F = Levels seen in this place.
 G = Mean time per level.
                   A        B        C        D        E       F      G
               +--------+--------+--------+--------+--------+-----+--------+
         Total |   1966 |   1905 |     61 |     46 |   1349 |   3 |  655.3 |
       Dungeon |   1966 |   1905 |     61 |     46 |   1349 |   3 |  655.3 |
               +--------+--------+--------+--------+--------+-----+--------+

Top non-repeatable levels by time:
     D:1: 916 daAuts
     D:2: 762 daAuts
     D:3: 287 daAuts
